 Dungeon Crawl Stone Soup version 0.20.0-8-g6b59dc7 (webtiles) character file.

62 Chiseanne the Charlatan (level 3, 0/26 HPs)
             Began as a Demonspawn Wanderer on May 30, 2017.
             Succumbed to an adder's poison
             ... on level 3 of the Dungeon.
             The game lasted 00:03:09 (2200 turns).

Chiseanne the Charlatan (Demonspawn Wanderer)       Turns: 2200, Time: 00:03:09

Health: 0/26       AC:  6    Str: 10    XL:     3   Next: 85%
Magic:  4/4        EV:  9    Int: 13    God:
Gold:   136        SH:  0    Dex: 15    Spells: 4/4 levels left

rFire    . . .     SeeInvis .   a - +0 quarterstaff
rCold    . . .     Gourm    .   (shield currently unavailable)
rNeg     . . .     Faith    .   m - +0 scale mail
rPois    .         Spirit   .   (no helmet)
rElec    .         Reflect  .   (no cloak)
rCorr    .         Harm     .   (no gloves)
MR       .....                  (no boots)
Stlth    +.........             (no amulet)
Regen    0.1/turn               (no ring)
MPRegen  0.1/turn               (no ring)

@: lethally poisoned (0 -> -7)
A: foul stench 1, rot immunity
a: no special abilities


You were on level 3 of the Dungeon.
You were very hungry.

You visited 1 branch of the dungeon, and saw 3 of its levels.

You collected 136 gold pieces.

Inventory:

Hand Weapons
 a - a +0 quarterstaff (weapon)
 q - a +1 short sword of flaming
Missiles
 d - 61 arrows
 e - 46 stones (quivered)
 g - 17 poisoned needles
 h - 22 bolts
 l - 21 sling bullets
Armour
 m - a +0 scale mail (worn)
Jewellery
 p - an uncursed ring of wizardry
Wands
 b - a wand of enslavement (15/24)
Scrolls
 j - 2 scrolls of identify
 o - a scroll of immolation {unknown}
Potions
 c - a potion of lignification
 k - 3 potions of curing
Comestibles
 f - 2 bread rations
 i - a meat ration


   Skills:
 * Level 1.5 Fighting
 - Level 1.0 Staves
 * Level 1.1 Armour
 * Level 2.5 Dodging
 - Level 1.7 Stealth
 - Level 1.0 Spellcasting
   Level 1.7 Earth Magic
 * Level 2.6 Evocations


You had 4 spell levels left.
You didn't know any spells.

Dungeon Overview and Level Annotations

Branches:
Dungeon (3/15)

Altars:
Xom
Zin

Annotations:
D:3 Kriby's ghost, amateur MiBe


Innate Abilities, Weirdness & Mutations

You may emit foul miasma when damaged in melee.
You are immune to rotting.


Message History

You barely miss the adder. The adder barely misses you.
You hit the adder.
The adder is heavily wounded.
The adder bites you.
* * * LOW HITPOINT WARNING * * *
You are more poisoned.
The adder poisons you!
The adder looks sick.
The adder bites you but does no damage.
You closely miss the adder.
The adder is heavily wounded.
* * * LOW HITPOINT WARNING * * *
You feel sick. The adder bites you but does no damage.
The adder barely misses you.
Your scale mail prevents you from hitting the adder.
The adder is heavily wounded.
* * * LOW HITPOINT WARNING * * *
You feel sick. The adder bites you but does no damage.
You hit the adder.
The adder is severely wounded.
You die...

#>#.##....# #
#.# #.#.##.####
#.# ..#.# .# #.#
.$..# .# # #.#
##### #####
#.#.########...#
#.#............#
#...########...#
###.# ##.## #@#
#.# #S# #.# ..#
#.# ##.# #.# #.#
#.# ... #.# .>.
#.# #.. #<# #.#


You could see an adder.

Vanquished Creatures
  3 adders (D:2)
  A worm (D:2)
  4 bats
  3 giant cockroaches
  5 goblins
  A hobgoblin (D:2)
  A ball python (D:3)
  3 frilled lizards
  5 kobolds
  8 rats
34 creatures vanquished.

Notes
Turn   | Place    | Note
-------+----------+-------------------------------------------
     0 | D:1      | Chiseanne the Demonspawn Wanderer began the quest for the Orb.
     0 | D:1      | Chiseanne set off with: a wand of enslavement (15/24), a +0 quarterstaff, a potion of lignification, a +0 robe, a +0 dagger, a bread ration
     0 | D:1      | Reached XP level 1. HP: 13/13 MP: 2/2
   484 | D:1      | Gained mutation: You are immune to rotting. [demonic ancestry]
   484 | D:1      | Reached XP level 2. HP: 20/20 MP: 3/3
   813 | D:2      | Found a shimmering altar of Xom.
   814 | D:2      | Found a glowing silver altar of Zin.
   814 | D:2      | Noticed an angel
   823 | D:2      | Reached skill level 1 in Fighting
   912 | D:2      | Gained mutation: You may emit foul miasma when damaged in melee. [demonic ancestry]
   912 | D:2      | Reached XP level 3. HP: 24/26 MP: 4/4
  1205 | D:2      | Reached skill level 1 in Armour
  1783 | D:3      | Noticed Kriby's ghost (amateur MiBe)
  1833 | D:2      | HP: 1/26 [hobgoblin (2)]
  2199 | D:3      | HP: 1/26 [poisoned by an adder]
  2200 | D:3      | Succumbed to an adder's poison

Skill      XL: |  1  2  3 |
---------------+----------+-----
Dodging        | 2 |  2.5
Fighting       | 1 |  1.5
Armour         | 1 |  1.1
Staves         | |  1.0
Stealth        | |  1.7
Spellcasting   | |  1.0
Earth Magic    | |  1.7
Evocations     | |  2.6

Action                   || total
-------------------------++-------
Melee: Quarterstaff      ||   152
  Use: Scroll            ||     4
  Eat: Chunk             ||     3
Armor: Ring mail         ||    15
       Scale mail        ||    86
Dodge: Dodged            ||    95
